 Dungeon Crawl Stone Soup version 0.31-a0-750-gfe7b580527 (webtiles) character file.

Game seed: 2755608497699458860

230 heikuro the Shield-Bearer (level 6, -2/36 (48) HPs)
             Began as a Formicid Fighter on Sept 15, 2023.
             Slain by an orc
             ... wielding a +2 flail of protection
              (7 damage)
             ... on level 4 of the Dungeon.
             The game lasted 00:05:16 (2681 turns).

heikuro the Shield-Bearer (Formicid Fighter)        Turns: 2681, Time: 00:05:16

HP:   -2/36 (48)    AC: 14    Str: 23    XL:     6   Next: 24%
MP:   6/6           EV:  6    Int:  7    God:
Gold: 165           SH:  5    Dex: 13    Spells: 5/5 levels left

rFire   . . .        a - +0 war axe
rCold   . . .        c - +0 buckler
rNeg    . . .        k - +0 plate armour
rPois   .            (helmet unavailable)
rElec   .            l - +1 cloak
rCorr   .            (no gloves)
SInv    +            (no boots)
Will    .....        (no amulet) Stlth
                     (no ring)
HPRegen 0.26/turn    (no ring)
MPRegen 0.10/turn

%: no passive effects
@: very heavily drained
A: permanent stasis, dig shafts and tunnels, antennae 3, four strong arms
a: Dig, Shaft Self


You were on level 4 of the Dungeon.
You visited 1 branch of the dungeon, and saw 4 of its levels.

You collected 165 gold pieces.

Inventory:

Hand Weapons
 a - a +0 war axe (weapon)
 o - the +9 dagger of Benevolence {holy, Str+4}
   (You found it on level 3 of the Dungeon)

   Str+4:     It affects your strength (+4).
Missiles
 t - 3 poisoned darts
Armour
 b - a scarf of shadows
 c - a +0 buckler (worn)
 k - a +0 plate armour (worn)
 l - a +1 cloak (worn)
Jewellery
 p - a +6 ring of dexterity
Scrolls
 f - a scroll of torment {unknown}
 g - a scroll of blinking {unknown}
 h - 3 scrolls of teleportation {unknown}
 m - a scroll of amnesia {unknown}
 n - a scroll of silence {unknown}
 r - a scroll of noise {unknown}
Potions
 d - 2 potions of might
 i - a potion of curing
 q - 2 potions of mutation
 s - a potion of enlightenment {unknown}


   Skills:
 + Level 4.2 Fighting
 * Level 4.1 Axes
 + Level 4.3 Armour
 + Level 5.3 Shields


You had 5 spell levels left.
You didn't know any spells.
Your spell library contained the following spells:

 Spells                   Type           Power      Damage    Failure   Level
 Summon Forest            Summ/Tloc      0%         N/A       100%        5
 Eringya's Noxious Bog    Tmut/Pois      0%         4d6       100%        6
 Summon Hydra             Summ           0%         N/A       100%        7


Dungeon Overview and Level Annotations

Branches:
Dungeon (4/15)
 Temple: D:4-7

Altars:
Wu Jian

Shops:
D:2 ?


Innate Abilities, Weirdness & Mutations

You cannot be hasted, slowed, berserked, paralysed or teleported.
You can dig through walls and to a lower floor.
You have a pair of large antennae on your head. (SInv)
Your four strong arms can wield two-handed weapons with a shield.


Message History

The kobold hits you but does no damage.
The +9 dagger of Benevolence {holy, Str+4} stops glowing.
a - a +0 war axe (weapon)
You block the orc's attack. The kobold barely misses you.
The orc hits you with a +2 flail of protection.
You are too injured to fight recklessly!
You are too injured to fight recklessly!
You are too injured to fight recklessly!
You are too injured to fight recklessly!
You are too injured to fight recklessly!
You hit the kobold.
You kill the kobold!
You closely miss the orc. You barely miss the orc.
The orc hits you with a +2 flail of protection.
The orc hits you with a +2 flail of draining.
You feel drained. The orc hits you but does no damage.
You feel drained.
The orc hits you with a +2 flail of protection.
* * * LOW HITPOINT WARNING * * *
Things that are here:
a +0 short sword; a kobold corpse You hit the orc but do no damage.
You closely miss the orc. The orc hits you but does no damage.
You feel drained.
The orc hits you with a +2 flail of protection!
* * * LOW HITPOINT WARNING * * *
You hit the orc.
The orc is severely wounded.
You completely miss the orc. The orc hits you but does no damage.
You feel drained. You block the orc's attack.
The orc hits you but does no damage.
You feel drained. The orc barely misses you.
You closely miss the orc.
The orc is severely wounded.
You hit the orc but do no damage. You block the orc's attack.
The orc hits you but does no damage.
You feel drained.
You slash the orc!
You kill the orc!
You closely miss the orc.
The orc hits you with a +2 flail of protection!
You die...

.................#
.......^.....)...#
....
.................#
..#.
.................#
....
.................# ..#
............!....#...#
.........######'##...#
.........#.......o...#
##.......#......@)...#
.#.......#...........#
.#.......#...........#
.).......#...........#
.#.......#......)$...#
##.......#......##?..#
.........#...... ...#
.........#...... ....
..>......#


You could see an orc.

Vanquished Creatures
  A jelly (D:4)
  Terence (D:3)
  An orc wizard (D:3)
  Robin (D:2)
  5 adders
  A worm (D:2)
  8 orcs
  6 endoplasms
  5 giant cockroaches
  15 goblins
  8 hobgoblins
  10 kobolds
  3 quokkas
  6 ball pythons
  4 bats
  2 frilled lizards
  2 rats
79 creatures vanquished.

Notes
Turn   | Place    | Note
-------+----------+-------------------------------------------
     0 | D:1      | heikuro the Formicid Fighter began the quest for the Orb.
     0 | D:1      | Reached XP level 1. HP: 18/18 MP: 1/1
   121 | D:1      | Reached XP level 2. HP: 22/24 MP: 2/2
   604 | D:1      | Reached XP level 3. HP: 29/29 MP: 3/3
   768 | D:1      | Found a faded altar of an unknown god.
   998 | D:2      | Identified the +2 helmet "Zulocu" {rC+}
   998 | D:2      | Noticed Robin
  1016 | D:2      | Killed Robin
  1017 | D:2      | Reached XP level 4. HP: 15/37 MP: 4/4
  1168 | D:2      | Found Seapolai's Magic Scroll Shop.
  1592 | D:3      | Reached XP level 5. HP: 42/42 MP: 5/5
  1730 | D:3      | Reached skill level 5 in Shields
  1754 | D:3      | Noticed Terence
  1764 | D:3      | Killed Terence
  2026 | D:3      | Identified the +9 dagger of Benevolence {holy, Str+4}
  2411 | D:4      | Reached XP level 6. HP: 42/48 MP: 6/6
  2445 | D:4      | Found an ornate altar of the Wu Jian Council.
  2681 | D:4      | Slain by an orc

Illustrated notes

Levels and vault maps discovered:
D:1:      minmay_arrival_hallway, layout_basic, ebering_ecumenical_altar_webs
D:2:      layout_basic, serial_shops, shop, uniq_robin
D:3:      layout_loops_cross, minmay_pentangle, uniq_terence
D:4:      layout_gridville, nicolae_wu_jian_wuxing_cycle,
          overflow_temple_1_default, minmay_misc_feat_five

Skill      XL: |  1  2  3  4  5 |
---------------+----------------+-----
Axes           | 3 4 |  4.1
Fighting       | 4 |  4.2
Armour         | 4 |  4.3
Shields        | 5 |  5.3

Action                     |  1- 3 |  4- 6 || total
---------------------------+-------+-------++-------
  Melee: War axe           |    71 |   106 ||   177
         Dagger            |       |    22 ||    22
    Use: Scroll            |       |     3 ||     3
 Armour: Scale mail        |    61 |    25 ||    86
         Plate armour      |       |    90 ||    90
  Dodge: Dodged            |    49 |    47 ||    96
  Block: Buckler           |    19 |    36 ||    55

Table legend: (Time is in decaauts)
 A = Elapsed time spent in this place.
 B = Non-inter-level travel time spent in this place.
 C = Inter-level travel time spent in this place.
 D = Time resting spent in this place.
 E = Time spent auto-exploring this place.
 F = Levels seen in this place.
 G = Mean time per level.
                   A        B        C        D        E       F      G
               +--------+--------+--------+--------+--------+-----+--------+
         Total |   2747 |   2591 |    156 |     53 |   1666 |   4 |  686.8 |
       Dungeon |   2747 |   2591 |    156 |     53 |   1666 |   4 |  686.8 |
               +--------+--------+--------+--------+--------+-----+--------+

Top non-repeatable levels by time:
     D:1: 889 daAuts
     D:3: 834 daAuts
     D:2: 741 daAuts
     D:4: 282 daAuts
